 Dungeon Crawl Stone Soup version 0.31-a0-1074-g0b22e4e0f1 (webtiles) character file.

Game seed: 13926527710223811433

17746 grandjackal the Fighter (level 12, -2/99 (103) HPs)
             Began as a Barachi Ice Elementalist on Nov 29, 2023.
             Was an Elder of Vehumet.
             Slain by a wight
             ... wielding a +0 halberd
              (5 damage)
             ... on level 11 of the Dungeon.
             The game lasted 00:28:32 (13318 turns).

grandjackal the Fighter (Barachi Ice Elementalist) Turns: 13318, Time: 00:28:32

HP:   -2/99 (103)   AC:  6    Str: 10    XL:     12   Next: 51%
MP:   4/35          EV: 12    Int: 20    God:    Vehumet [****..]
Gold: 534           SH:  0    Dex: 13    Spells: 5/32 levels left

rFire   + . .        I - staff of air
rCold   . . .        (no shield)
rNeg    . . .        F - +1 robe {rF+}
rPois   .            (no helmet)
rElec   +            l - +2 cloak
rCorr   .            (no gloves)
SInv    +            (no boots)
Will    .....        (no amulet)
Stlth   +            m - ring of magical power
HPRegen 0.36/turn    p - ring of see invisible
MPRegen 0.24/turn

%: no passive effects
@: silenced, weak-willed, slightly contaminated, lightly drained, slow
A: amphibious, slowness 1, strong legs 1, +LOS
a: Hop, Renounce Religion


You were on level 11 of the Dungeon.
You worshipped Vehumet.
Vehumet was greatly pleased with you.
You visited 2 branches of the dungeon, and saw 12 of its levels.

You collected 942 gold pieces.
You spent 408 gold pieces at shops.

Inventory:

Hand Weapons
 u - a +0 flail of holy wrath
 y - a +0 short sword of protection
Missiles
 i - 15 poisoned darts (quivered)
 M - a throwing net
 Q - 4 curare-tipped darts
Armour
 l - a +2 cloak (worn)
 F - a +1 robe of fire resistance (worn)
 G - the +11 chain mail of Ennui {Rampage Int+2 Slay+3}
   (You found it on level 7 of the Dungeon)

   Int+2:     It affects your intelligence (+2).
   Slay+3:    It affects your accuracy & damage with ranged weapons and melee
   (+3).
   Rampage:   It bestows one free step when moving towards enemies.
 L - a +0 troll leather armour
 N - a +0 kite shield
 O - +0 acid dragon scales
 P - the +1 fire dragon scales of Contentment {rElec rF++ rC- rN+ Will-}
   (You took it off a gnoll sergeant on level 11 of the Dungeon)

   rF++:      It greatly protects you from fire.
   rC-:       It makes you vulnerable to cold.
   rElec:     It insulates you from electricity.
   rN+:       It protects you from negative energy.
   Will-:     It decreases your willpower.
Magical Staves
 I - a staff of air (weapon)
Jewellery
 a - a +4 ring of protection
 m - a ring of magical power (left hand)
 p - a ring of see invisible (right hand)
 J - a ring of resist corrosion
Wands
 E - a wand of iceblast (12)
Scrolls
 d - a scroll of poison
 e - 2 scrolls of fear
 f - 2 scrolls of fog
 j - 2 scrolls of vulnerability
 n - a scroll of blinking
 r - a scroll of noise
 t - 4 scrolls of revelation
 w - 2 scrolls of enchant weapon
 z - a scroll of butterflies
 A - a scroll of amnesia
Potions
 b - a potion of magic
 g - 3 potions of invisibility
 h - 4 potions of berserk rage {unknown}
 k - 8 potions of curing
 o - 2 potions of heal wounds
 q - 3 potions of attraction
 v - 3 potions of brilliance
 x - a potion of cancellation
 B - 3 potions of haste
 C - 4 potions of enlightenment
 D - 5 potions of mutation
 H - a potion of resistance


   Skills:
 + Level 12.3 Fighting
 - Level 2.1 Dodging
 - Level 1.7 Stealth
 + Level 10.7 Spellcasting
 + Level 8.0 Conjurations
 + Level 8.6 Necromancy
 - Level 10.1 Ice Magic


You had 5 spell levels left.
You knew the following spells:

 Your Spells              Type           Power      Damage    Failure   Level
a - Freeze                Ice            100%       1d10      1%          1
b - Frozen Ramparts       Ice            100%       1d16      1%          3
c - Sublimation of Blood  Necr           45%        N/A       1%          2
d - Ozocubu's Armour      Ice            50%        N/A       1%          3
e - Kiss of Death         Conj/Necr      100%       2d13      1%          1
f - Ozocubu's Refrigerat  Ice            25%        4d13      22%         7
g - Simulacrum            Ice/Necr       24%        N/A       21%         6
h - Summon Ice Beast      Ice/Summ       30%        N/A       9%          4

Your spell library contained the following spells:

 Spells                   Type           Power      Damage    Failure   Level
 Stone Arrow              Conj/Erth      52%        3d10      1%          3
 Foxfire                  Conj/Fire      100%       2x1d9     1%          1
 Apportation              Tloc           20%        N/A       6%          1
 Jinxbite                 Hex            20%        N/A       10%         2
 Wereblood                Tmut           10%        N/A       10%         2
 Alistair's Intoxication  Tmut/Pois      6%         N/A       87%         5
 Starburst                Conj/Fire      13%        6d5       41%         6
 Plasma Beam              Fire/Air       8%         2x1d18    90%         6
 Summon Hydra             Summ           5%         N/A       100%        7
 Polar Vortex             Ice            25%        12d3*     100%        9


Dungeon Overview and Level Annotations

Branches:
Dungeon (11/15)            Temple (1/1) D:6            Lair (0/5) D:8
    Orc (0/2) D:11

Altars:
Ashenzari
Cheibriados
Dithmenos
Elyvilon
Fedhas
Gozag
Hepliaklqana
Kikubaaqudgha
Makhleb
Nemelex Xobeh
Okawaru
Qazlal
Ru
Sif Muna
Trog
Uskayaw
Vehumet
Wu Jian
Xom
Yredelemnul
Zin
The Shining One

Shops:
D:1 !


Innate Abilities, Weirdness & Mutations

You are amphibious.
You cover ground slowly.
You can hop short distances.
You have an extended range of vision and can be seen from far away.


Message History

A vampire comes into view.
A gnoll sergeant comes into view. It is wielding a +0 spear.
The vampire moves out of view.
Found a large rock.
As you read the scroll labelled NUOMIP EH IBA, it crumbles to dust.
You assume a fearsome visage.
The wight is unaffected.
It was a scroll of fear.
The wight hits you from afar with a +0 halberd!
You feel drained.
As you read the scroll labelled GUUCZEDWEM, it dissolves into smoke.
It was a scroll of fog.
The wight hits you from afar with a +0 halberd!
* * * LOW HITPOINT WARNING * * *
As you read the scroll labelled BOCYFRAING, it crumbles to dust.
Magic quickly surges around you.
It was a scroll of vulnerability.
The wight hits you from afar with a +0 halberd.
* * * LOW HITPOINT WARNING * * *
Blink to where?
Press: ? - help, Dir - move target
As you read the scroll labelled KAAGOM JIBLI, it crumbles to dust.
It was a scroll of blinking.
As you read the scroll labelled DOH VUMYMO, it crumbles to dust.
You hear a loud clanging noise!
It was a scroll of noise.
You hear a shout!
The air fills with toxic fumes!
As you read the scroll labelled ALOHOPS LEOGH, it crumbles to dust.
It was a scroll of poison.
The wight barely misses you.
As you read the scroll labelled LIONIW FEGUXA, it crumbles to dust.
Your body is wracked with pain!
* * * LOW HITPOINT WARNING * * *
It was a scroll of torment.
The wight closely misses you.
As you read the scroll labelled ZAODWE ANUGO, it crumbles to dust.
It is a scroll of enchant armour.
Your +1 cloak glows green for a moment.
The wight misses you.
As you read the scroll labelled FURIAM RYRASTY, it crumbles to dust.
A profound silence engulfs you.
It was a scroll of silence.
The wight hits you from afar with a +0 halberd!
* * * LOW HITPOINT WARNING * * *
You feel drained.
You die...

#≈###..'§§§§'...##≈#..##
##§###..'§§§§#.###≈##..#.
#≈####'##§§§.###≈~*#...'.
#≈#.#.)#§§§###§≈#*#....'.
#≈#.))##§§§#≈§###......'.
#≈#.))#§§§§####§§.(....'.
#≈#.).#§§§##≈≈.§§c..####.
#§#..##§§§##.....≈###≈§##
#§#..#§§@##.....#*#≈§##~#
#§#[##§§§##.#≈..#~~##**~#
#§#.#§§z§§#.##.##~** *~#
#≈###.§§§##....##~* **~#
#≈#...z#.§##...≈#~** *~*#
*#§#..)##§§.##...#~~* *~*.
*≈##.....)..#....#*~* *~*.
*≈#......°#.##.(..*~***~*.
*≈#......##..#....*~~*~**.


You could see a wight (weak-willed).

Vanquished Creatures
  2 two-headed ogres
  A death yak (D:8)
  An arcanist (D:11)
  4 gargoyles (D:11)
  A kobold demonologist (D:9)
  2 efreet (D:11)
  2 trolls (D:11)
  2 hornets (D:9)
  Sigmund (D:6)
  4 shadows
  30 yaks
  2 vampires
  2 fire bats (D:11)
  10 vampire mosquitoes
  2 acid dragons
  A water moccasin (D:8)
  10 orc warriors
  An ogre (D:4)
  11 centaurs
  2 phantoms (D:6)
  4 bullfrogs
  A kobold brigand (D:9)
  8 gnoll sergeants
  A scorpion (D:6)
  5 wights
  9 killer bees
  An electric eel (D:8)
  3 howler monkeys (D:8)
  2 hounds
  4 jellies
  5 orc priests
  2 iguanas
  Jessica (D:3)
  5 orc wizards
  13 gnolls
  7 adders
  4 white imps
  A worm (D:4)
  2 dart slugs (D:3)
  43 orcs
  7 ball pythons
  5 bats
  8 endoplasms
  3 giant cockroaches (D:4)
  5 goblins
  11 hobgoblins
  3 frilled lizards (D:2)
  11 kobolds
  3 rats
268 creatures vanquished.

Vanquished Creatures (collateral kills)
  A boulder beetle (D:11)
  2 yaks (D:10)
  A wight (D:11)
4 creatures vanquished.

Grand Total: 272 creatures vanquished

Notes
Turn   | Place    | Note
-------+----------+-------------------------------------------
     0 | D:1      | grandjackal the Barachi Ice Elementalist began the quest
                  | for the Orb.
     0 | D:1      | Reached XP level 1. HP: 13/13 MP: 3/3
   320 | D:1      | Reached skill level 1 in Fighting
   320 | D:1      | Reached skill level 5 in Ice Magic
   320 | D:1      | Reached XP level 2. HP: 11/21 MP: 3/5
   447 | D:1      | Found Xoogisav's Distillery.
   930 | D:1      | Bought a potion of curing for 33 gold pieces
  1180 | D:2      | Reached XP level 3. HP: 27/27 MP: 6/6
  1196 | D:2      | Learned a level 3 spell: Frozen Ramparts
  1251 | D:2      | Learned a level 2 spell: Sublimation of Blood
  1330 | D:2      | Found a shadowy altar of Dithmenos.
  1661 | D:2      | Reached skill level 2 in Fighting
  1803 | D:3      | Noticed Jessica
  1808 | D:3      | Killed Jessica
  1809 | D:3      | Reached XP level 4. HP: 34/34 MP: 8/8
  2122 | D:3      | Found a faded altar of an unknown god.
  2480 | D:3      | Found an opulent altar of Gozag.
  2616 | D:4      | Noticed an ogre
  2626 | D:4      | Killed an ogre
  2627 | D:4      | Reached skill level 3 in Fighting
  2627 | D:4      | Reached XP level 5. HP: 41/41 MP: 10/10
  2780 | D:4      | Found an ornate altar of the Wu Jian Council.
  2829 | D:4      | Reached XP level 6. HP: 38/48 MP: 11/11
  3205 | D:5      | Entered Level 5 of the Dungeon
  3211 | D:5      | Reached skill level 4 in Fighting
  3844 | D:6      | Found a staircase to the Ecumenical Temple.
  3852 | D:6      | Reached XP level 7. HP: 54/55 MP: 13/13
  3887 | D:6      | Reached skill level 5 in Fighting
  3892 | Temple   | Entered the Ecumenical Temple
  3994 | Temple   | Became a worshipper of Vehumet
  4016 | D:6      | Learned a level 3 spell: Ozocubu's Armour
  4142 | D:6      | Reached skill level 5 in Spellcasting
  4142 | D:6      | Reached skill level 1 in Necromancy
  4578 | D:6      | Found a glowing golden altar of the Shining One.
  4585 | D:6      | Reached XP level 8. HP: 12/64 MP: 13/15
  4585 | D:6      | Reached * piety under Vehumet
  4585 | D:6      | Offered knowledge of Kiss of Death by Vehumet.
  4594 | D:6      | HP: 1/64 [bullfrog (6)]
  4866 | D:6      | Reached skill level 6 in Fighting
  5067 | D:6      | Noticed Sigmund
  5103 | D:6      | Killed Sigmund
  5310 | D:7      | Identified the +11 chain mail of Ennui {Rampage Int+2
                  | Slay+3}
  5539 | D:7      | Learned a level 1 spell: Kiss of Death
  5628 | D:7      | Reached skill level 7 in Fighting
  5629 | D:7      | Reached XP level 9. HP: 64/72 MP: 18/18
  5810 | D:7      | Found Enlin's Distillery.
  5882 | D:7      | Bought a potion of degeneration for 15 gold pieces
  5884 | D:7      | Bought a potion of enlightenment for 75 gold pieces
  5884 | D:7      | Bought a potion of heal wounds for 75 gold pieces
  5884 | D:7      | Bought a potion of mutation for 120 gold pieces
  5884 | D:7      | Bought a potion of curing for 45 gold pieces
  5884 | D:7      | Bought a potion of curing for 45 gold pieces
  6301 | D:8      | Found a staircase to the Lair.
  6445 | D:8      | Offered knowledge of Sandblast by Vehumet.
  6471 | D:8      | Reached ** piety under Vehumet
  6492 | D:8      | Reached skill level 8 in Fighting
  6748 | D:8      | Reached skill level 5 in Necromancy
  6751 | D:8      | Reached skill level 10 in Ice Magic
  6751 | D:8      | Reached XP level 10. HP: 45/82 MP: 12/21
  6983 | D:8      | Noticed a death yak
  6997 | D:8      | Reached skill level 9 in Fighting
  6997 | D:8      | Reached skill level 1 in Conjurations
  7004 | D:8      | Killed a death yak
  7275 | D:8      | Reached skill level 10 in Fighting
  8001 | D:9      | Offered knowledge of Momentum Strike by Vehumet.
  8097 | D:9      | Reached XP level 11. HP: 90/90 MP: 23/23
  8431 | D:9      | Reached *** piety under Vehumet
  8670 | D:9      | Reached skill level 5 in Conjurations
  9281 | D:9      | Learned a level 7 spell: Ozocubu's Refrigeration
  9288 | D:9      | Learned a level 6 spell: Simulacrum
  9293 | D:9      | Learned a level 4 spell: Summon Ice Beast
  9296 | D:10     | Entered Level 10 of the Dungeon
  9296 | D:10     | Noticed a two-headed ogre
  9553 | D:10     | Offered knowledge of Inner Flame by Vehumet.
  9652 | D:10     | Reached skill level 11 in Fighting
 10000 | D:10     | Found a sacrificial altar of Ru.
 10295 | D:10     | Killed a two-headed ogre
 10934 | D:11     | Noticed a two-headed ogre
 10947 | D:11     | Killed a two-headed ogre
 10948 | D:11     | Reached skill level 10 in Spellcasting
 10949 | D:11     | Noticed a boulder beetle
 11220 | D:11     | Found a staircase to the Orcish Mines.
 11419 | D:11     | Reached **** piety under Vehumet
 11420 | D:11     | Reached XP level 12. HP: 89/100 MP: 26/26
 11741 | D:11     | Offered knowledge of Stone Arrow by Vehumet.
 11902 | D:11     | Killed a boulder beetle
 12380 | D:11     | Reached skill level 12 in Fighting
 12866 | D:11     | Identified the +1 fire dragon scales of Contentment {rElec
                  | rF++ rC- rN+ Will-}
 13176 | D:11     | Found a faded altar of an unknown god.
 13318 | D:11     | HP: 3/101 [wight/+0 halberd (11)]
 13318 | D:11     | Slain by a wight

Illustrated notes

Levels and vault maps discovered:
D:1:      giann_forest_graveyard, layout_basic, serial_shops,
          nicolae_shop_hallway_stairs
D:2:      layout_basic, basic_altar, skrybe_limestone_x, dreamdust_wishing_well,
          grunt_decor_one_mirror
D:3:      layout_loops_corners, lemuel_crystal_altar,
          ebering_ecumenical_altar_ruins, uniq_jessica
D:4:      layout_cave_pools, mainiacjoe_overflow_concentric_impassable,
          kennysheep_pointless_box
D:5:      layout_cave_pools
D:6:      layout_loops_corners, lemuel_tele_altar, minmay_temple_entry_glass,
          hangedman_abyss_or_decor_lesser_grid, uniq_sigmund
D:7:      layout_cave_pools, serial_shops, shop
D:8:      argonaut_augean_stables, layout_basic, dpeg_oklobed_lair,
          chequers_serial_rivers_room_a
D:9:      layout_basic
D:10:     layout_basic, nicolae_overflow_hidden_temple
D:11:     regret_index_infernal_bastille, layout_rooms,
          minmay_orc_entry_temple_small, serial_shops,
          nicolae_shop_tiny_real_fake_doors
Temple:   regret_index_temple_chain_breaker

Skill      XL: |  1  2  3  4  5  6  7  8  9 10 11 12 |
---------------+-------------------------------------+-----
Fighting       | 1 2 3 4 5 7 8 10 11 12 | 12.3
Ice Magic      | 5 6 7 8 10 | 10.1
Spellcasting   | 3 4 5 6 7 8 10 | 10.7
Necromancy     | 1 3 5 6 7 8 |  8.6
Conjurations   | 4 6 8 |  8.0
Dodging        | |  2.1
Stealth        | |  1.7

Action                     |  1- 3 |  4- 6 |  7- 9 | 10-12 || total
---------------------------+-------+-------+-------+-------++-------
  Melee: Dagger            |    57 |    62 |       |       ||   119
         Short sword       |       |    11 |    57 |    42 ||   110
         Flail             |       |     5 |    38 |     7 ||    50
         Punch             |       |     2 |     1 |     1 ||     4
         Staff             |       |       |       |    14 ||    14
  Throw: Dart              |       |     5 |       |     5 ||    10
   Cast: Freeze            |    29 |    48 |    51 |   112 ||   240
         Frozen Ramparts   |       |     4 |    20 |    62 ||    86
         Ozocubu's Armour  |       |       |     1 |     6 ||     7
         Summon Ice Beast  |       |       |       |    10 ||    10
         Ozocubu's Refrige |       |       |       |    12 ||    12
         Simulacrum        |       |       |       |     2 ||     2
Ability: Hop               |       |       |       |     1 ||     1
  Evoke: Wand              |       |       |    16 |    21 ||    37
    Use: Potion            |       |       |     2 |     3 ||     5
         Scroll            |       |       |     8 |    11 ||    19
   Stab: Sleeping          |     4 |     6 |       |       ||    10
 Armour: Robe              |    47 |    74 |   140 |   242 ||   503
  Dodge: Dodged            |    39 |    74 |    91 |   178 ||   382

Table legend: (Time is in decaauts)
 A = Elapsed time spent in this place.
 B = Non-inter-level travel time spent in this place.
 C = Inter-level travel time spent in this place.
 D = Time resting spent in this place.
 E = Time spent auto-exploring this place.
 F = Levels seen in this place.
 G = Mean time per level.
                   A        B        C        D        E       F      G
               +--------+--------+--------+--------+--------+-----+--------+
         Total |  14605 |  14177 |    428 |   5035 |   6609 |  12 | 1217.1 |
       Dungeon |  14481 |  14053 |    428 |   4948 |   6609 |  11 | 1316.5 |
        Temple |    123 |    123 |      0 |     87 |      0 |   1 |  123.0 |
               +--------+--------+--------+--------+--------+-----+--------+

Top non-repeatable levels by time:
    D:11: 2224 daAuts
    D:10: 1952 daAuts
     D:8: 1911 daAuts
     D:9: 1532 daAuts
     D:6: 1460 daAuts
     D:2: 1008 daAuts
     D:1: 1005 daAuts
     D:3: 978 daAuts
     D:7: 831 daAuts
     D:4: 802 daAuts
     D:5: 773 daAuts
  Temple: 123 daAuts
